 Dungeon Crawl Stone Soup version 0.28-a0-628-g3c9886e45e (webtiles) character file.

Game seed: 14088932568301335478

88 demibob the Poker (level 4, -10/35 HPs)
             Began as a Demonspawn Chaos Knight on Oct 9, 2021.
             Was a Plaything of Xom.
             Mangled by Terence the guardian serpent (shapeshifter) (17 damage)
             ... on level 2 of the Dungeon.
             The game lasted 00:02:47 (893 turns).

demibob the Poker (Demonspawn Chaos Knight)          Turns: 893, Time: 00:02:50

Health: -10/35     AC: 10    Str: 13    XL:     4   Next: 30%
Magic:  4/4        EV: 11    Int: 14    God:    Xom [..*...]
Gold:   69         SH:  0    Dex: 12    Spells: 3/3 levels left

rFire   . . .      SeeInvis .   a - +0 spear (chaos)
rCold   . . .      Faith    .   (no shield)
rNeg    . . .      Spirit   .   b - +2 leather armour
rPois   .          Reflect  .   (no helmet)
rElec   .          Harm     .   d - scarf {+Inv}
rCorr   .          Rampage  .   f - +2 pair of gloves
Will    .....                   (no boots)
Stlth   +.........              (no amulet)
HPRegen 0.11/turn               (no ring)
MPRegen 0.09/turn               (no ring)

@: mighty
A: yellow scales 1
a: Renounce Religion, Evoke Invisibility


You were on level 2 of the Dungeon.
You worshipped Xom.
You were a toy of Xom.
You visited 1 branch of the dungeon, and saw 2 of its levels.

You collected 69 gold pieces.


Innate Abilities, Weirdness & Mutations

You are partially covered in yellow scales. (AC +2)


   Skills:
 - Level 3.0 Fighting
 + Level 4.7 Polearms
 - Level 1.7 Armour
 - Level 0.8 Dodging


You had 3 spell levels left.
You didn't know any spells.
Your spell library was empty.

Inventory:

Hand Weapons
 a - a +0 spear of chaos (weapon)
Armour
 b - a +2 leather armour (worn)
 d - a scarf of invisibility (worn)
 f - a +2 pair of gloves (worn)
Scrolls
 e - a scroll of magic mapping

Dungeon Overview and Level Annotations

Branches:
Dungeon (2/15)

Altars:

Annotations:
D:2 Terence

............
##........##
.<........##
#........##
#....##.###
##.......##.
............ #######
###..#.####.
#.S@..#####.)#.####.
.##.###.#.............
......#.#.###<#...####
..# #......###.....###
#.
###..........#.....##
#
.........##...........
####..................
#.....##...........
########...........


You could see Terence the guardian serpent shaped shifter.


Message History

You closely miss Terence.
Terence is moderately wounded.
Terence hits you!
* * * LOW HITPOINT WARNING * * *
Unknown command.
Enter note: bruh
Enter note: xom
Enter note: bruh You aren't carrying any potions.
Unknown command.
Use which ability? (? or * to list)
Okay, then.
Press: ? - help, v - describe, . - travel The floor.
Unknown command.
You hit Terence. You freeze Terence.
Terence is heavily wounded.
Terence closely misses you. Terence hits you.
* * * LOW HITPOINT WARNING * * *
You hit Terence.
Terence is heavily wounded.
Terence hits you but does no damage.
You puncture Terence!
You feel better.
Terence is severely wounded.
Terence hits you but does no damage.
You barely miss Terence.
Terence is severely wounded.
Terence hits you!
You die...
Xom cackles wildly!

Skill      XL: |  1  2  3 |
---------------+----------+-----
Polearms       | 3 4 |  4.7
Fighting       | |  3.0
Armour         | |  1.7
Dodging        | |  0.8

Action                   |  1- 3 |  4- 6 || total
-------------------------+-------+-------++-------
Melee: Spear             |   106 |    23 ||   129
  Use: Scroll            |     2 |       ||     2
       Potion            |       |     1 ||     1
 Stab: Sleeping          |     1 |       ||     1
       Paralysed         |     2 |       ||     2
Armor: Leather armour    |    41 |     3 ||    44
Dodge: Dodged            |    44 |     5 ||    49

Levels and vault maps discovered:
D:1:      heliophobic_arrival_henge, layout_rooms, minmay_pentomino_z2
D:2:      layout_basic, minmay_ruptured, uniq_jessica, uniq_terence

Notes
Turn   | Place    | Note
-------+----------+-------------------------------------------
     0 | D:1      | demibob the Demonspawn Chaos Knight began the quest for the
                  | Orb.
     0 | D:1      | Reached XP level 1. HP: 18/18 MP: 1/1
    11 | D:1      | XOM: divination: detect creatures
    66 | D:1      | Reached skill level 3 in Polearms
   174 | D:1      | Gained mutation: You are partially covered in yellow
                  | scales. (AC +2) [demonic ancestry]
   174 | D:1      | Reached XP level 2. HP: 23/24 MP: 2/2
   397 | D:1      | Reached XP level 3. HP: 26/29 MP: 3/3
   447 | D:1      | Reached skill level 4 in Polearms
   754 | D:2      | Noticed Jessica
   762 | D:2      | Killed Jessica
   763 | D:2      | Reached XP level 4. HP: 35/35 MP: 4/4
   877 | D:2      | Noticed Terence
   882 | D:2      | Noticed Terence
   882 | D:2      | Terence changed into Terence the shapeshifter
   882 | D:2      | Noticed Terence
   882 | D:2      | Terence the shapeshifter changed into Terence the queen bee
   883 | D:2      | >>ok
   884 | D:2      | XOM: potion effect (might)
   888 | D:2      | Noticed Terence
   888 | D:2      | Terence the queen bee changed into Terence the guardian
                  | serpent
   890 | D:2      | >>bruh
   890 | D:2      | >>xom
   890 | D:2      | >>bruh
   893 | D:2      | Mangled by Terence the guardian serpent (shapeshifter)

Vanquished Creatures
  Jessica (D:2)
  A gnoll (D:1)
  An adder (D:2)
  A worm (D:2)
  2 dart slugs (D:1)
  2 giant cockroaches (D:1)
  8 goblins
  3 hobgoblins (D:1)
  4 jackals (D:2)
  A quokka (D:1)
  2 ball pythons (D:1)
  2 bats
  3 frilled lizards (D:1)
  4 kobolds (D:1)
  A rat (D:2)
36 creatures vanquished.

Vanquished Creatures (collateral kills)
  An endoplasm (D:1)
1 creature vanquished.

Grand Total: 37 creatures vanquished

Table legend: (Time is in decaauts)
 A = Elapsed time spent in this place.
 B = Non-inter-level travel time spent in this place.
 C = Inter-level travel time spent in this place.
 D = Time resting spent in this place.
 E = Time spent auto-exploring this place.
 F = Levels seen in this place.
 G = Mean time per level.
                   A        B        C        D        E       F      G
               +--------+--------+--------+--------+--------+-----+--------+
         Total |    881 |    879 |      2 |      0 |    631 |   2 |  440.5 |
       Dungeon |    881 |    879 |      2 |      0 |    631 |   2 |  440.5 |
               +--------+--------+--------+--------+--------+-----+--------+

Top non-repeatable levels by time:
     D:1: 672 daAuts
     D:2: 209 daAuts

Table legend:
 A = Non-vault XP
 B = Vault XP
 C = Vault XP percentage of total XP
 D = Non-vault monster count
 E = Vault monster count
 F = Vault count percentage of total count
                 A         B        C        D         E       F
            +---------+---------+-------+---------+---------+-------
      Total |      87 |      40 |  31.5 |      34 |       3 |   8.1
            +---------+---------+-------+---------+---------+-------
        D:1 |      58 |       3 |   4.9 |      25 |       2 |   7.4
        D:2 |      29 |      37 |  56.1 |       9 |       1 |  10.0
            +---------+---------+-------+---------+---------+-------
